 Dungeon Crawl Stone Soup version 0.17.1-2-g5865329 (webtiles) character file.

71 Clownie the Gusty (level 4, -3/21 HPs)
             Began as a Vine Stalker Air Elementalist on Jan 21, 2016.
             Slain by a killer bee (8 damage)
             ... on level 3 of the Dungeon.
             The game lasted 00:05:48 (1263 turns).

Clownie the Gusty (Vine Stalker Air Elementalist)   Turns: 1263, Time: 00:05:48

Health: -3/21      AC:  2    Str: 11    XL:     4   Next: 24%
Magic:  0/8        EV: 12    Int: 16    God:
Gold:   99         SH:  0    Dex: 14    Spells: 3 memorised, 1 level left

rFire  + . .     SeeInvis .     (no weapon)
rCold  . . .     Clarity  .     a - +0 robe
rNeg   . . .     SustAt   .     (no shield)
rPois  .         Gourm    .     (no helmet)
rElec  .         Spirit   +     (no cloak)
rCorr  .         Warding  .     (no gloves)
rMut   .         Stasis   .     (no boots)
MR     .....                    (no amulet)
Stlth  ++........               (no ring)
                                j - ring of protection from fire

@: very slightly contaminated, not resistant to hostile enchantments, unstealthy
A: fangs 2, regeneration 1, magic shield, antimagic bite, no device heal 3, rot
immunity
a: no special abilities


You were on level 3 of the Dungeon.
You were hungry.

You visited 1 branch of the dungeon, and saw 3 of its levels.

You collected 99 gold pieces.

Inventory:

Armour
 a - a +0 robe (worn)
Jewellery
 j - a ring of protection from fire (left hand)
Wands
 p - a wand of teleportation (0)
Scrolls
 h - a scroll of identify
 k - 2 scrolls of remove curse
Potions
 d - a potion of cancellation {unknown}
 e - a potion of might
 f - 3 potions of curing {unknown}
 g - a potion of heal wounds {unknown}
 i - a potion of resistance {unknown}
 n - a potion of mutation {unknown}
 o - a potion of lignification {unknown}
Books
 b - a book of Air

   Spells                             Type                      Level
   a - Shock                          Conjuration/Air              1
   b - Swiftness                      Charms/Air                   2
   c - Repel Missiles                 Charms/Air                   2
   d - Static Discharge               Conjuration/Air              3
   e - Lightning Bolt                 Conjuration/Air              5
Comestibles
 c - 2 bread rations
 l - a meat ration


   Skills:
 - Level 1.5 Dodging
 - Level 2.4 Stealth
 - Level 2.1 Spellcasting
 + Level 2.6 Conjurations
 + Level 4.2 Air Magic


You had one spell level left.
You knew the following spells:

 Your Spells              Type           Power        Failure   Level  Hunger
a - Shock                 Conj/Air       ##..         8%          1    #......
b - Static Discharge      Conj/Air       ##......     17%         3    ###....
c - Swiftness             Chrm/Air       #.......     14%         2    ###....


Dungeon Overview and Level Annotations

Branches:
Dungeon (3/15)

Altars:

Annotations:
D:3 Purgy


Innate Abilities, Weirdness & Mutations

You have extremely sharp teeth.
Your natural rate of healing is unusually fast.
When hurt, damage is shared between your health and your magic reserves.
Your bite disrupts and absorbs the magic of your enemies.
Potions and wands cannot restore your health.
You are immune to rotting.


Message History

The killer bee is struck by lightning.
The killer bee is moderately wounded.
The lightning grounds out.
You are feeling hungry.
The killer bee closely misses you. The killer bee stings you.
The killer bee closely misses you.
Casting: Static Discharge
Confirm with . or Enter, or press ? or * to list all spells.
Aiming: Shock
Press: ? - help, Shift-Dir - straight line, f - killer bee
Aim: a killer bee (moderately wounded) That beam is likely to hit you.
Continue anyway?
The zap hits the killer bee.
The killer bee is moderately wounded.
The zap hits the killer bee.
The killer bee is heavily wounded.
The zap hits you!
* * * LOW HITPOINT WARNING * * *
The killer bee stings you!
You die...

######## #......# ###......###
#['......'<# #####
#.#......### #...# #.#......#
#...# #÷########
###############...# #.#
.......†......#y@.####.#.####
..#####.......'...............
..#####.#####.#...####.#.#####
........# #.#...# #.#.#
.###.##.#####.#y..####.#.# .
#......................
.############)###......###
..........g...# #.........
######....##### #.......##


You could see 2 killer bees.

Vanquished Creatures
  Ijyb (D:2)
  An adder (D:2)
  An ooze (D:2)
  A giant gecko (D:3)
  An orc (D:3)
  5 hobgoblins
  A quokka (D:2)
  A bat (D:3)
  2 giant newts
  6 goblins
  4 kobolds (D:2)
  4 rats
28 creatures vanquished.

Notes
Turn   | Place    | Note
--------------------------------------------------------------
     0 | D:1      | Clownie the Vine Stalker Air Elementalist began the quest for the Orb.
     0 | D:1      | Reached XP level 1. HP: 9/9 MP: 4/4
   199 | D:2      | Reached XP level 2. HP: 8/13 MP: 0/6
   359 | D:2      | Reached XP level 3. HP: 8/16 MP: 0/7
   632 | D:2      | Noticed Ijyb
   709 | D:2      | Killed Ijyb
   709 | D:2      | Reached skill level 4 in Air Magic
   709 | D:2      | Reached XP level 4. HP: 21/21 MP: 0/8
   862 | D:3      | Noticed Purgy
   959 | D:2      | Learned a level 3 spell: Static Discharge
   962 | D:2      | Learned a level 2 spell: Swiftness
  1263 | D:3      | Slain by a killer bee

Action                   |  1- 3 |  4- 6 || total
-------------------------+-------+-------++-------
Melee: Unarmed           |    28 |     8 ||    36
 Cast: Shock             |    49 |    17 ||    66
       Static Discharge  |       |     3 ||     3
  Use: Scroll            |       |     4 ||     4
 Stab: Sleeping          |       |     2 ||     2
  Eat: Chunk             |       |     2 ||     2
